 Dungeon Crawl Stone Soup version 0.19.0-20-gbc5f0c6 (webtiles) character file.

21104 Charly the Severer (level 12, -9/112 HPs)
             Began as a Minotaur Berserker on Nov 16, 2016.
             Was a High Priest of Trog.
             Mangled by a soldier ant (11 damage)
             ... on level 5 of the Lair of Beasts.
             The game lasted 00:34:18 (3738 turns).

Charly the Severer (Minotaur Berserker)             Turns: 3738, Time: 00:34:19

Health: -9/112     AC: -7    Str: 21    XL:     12   Next: 51%
Magic:  11/11      EV: 13    Int:  4    God:    Trog [*****.]
Gold:   345        SH:  0    Dex: 16    Spells: 0 memorised, 11 levels left

rFire  + . .     SeeInvis .     a - +1 war axe (venom)
rCold  . . .     Gourm    .     q - +1 plate armour
rNeg   . . .     Faith    .     (no shield)
rPois  .         Spirit   .     (helmet restricted)
rElec  .         Reflect  .     (no cloak)
rCorr  .         Harm     .     (no gloves)
MR     .....                    (no boots)
Stlth  ..........               (no amulet)
                                (no ring)
                                n - ring of protection from fire

@: corroded
A: retaliatory headbutt, horns 2
a: Berserk, Trog's Hand, Brothers in Arms, Burn Spellbooks, Renounce Religion


You were on level 5 of the Lair of Beasts.
You worshipped Trog.
Trog was extremely pleased with you.
You were not hungry.

You visited 2 branches of the dungeon, and saw 19 of its levels.

You collected 345 gold pieces.

Inventory:

Hand Weapons
 a - a +1 war axe of venom (weapon)
 m - a +0 dire flail
Armour
 q - a +1 plate armour (worn)
Jewellery
 n - a ring of protection from fire (left hand)
Wands
 e - a wand of lightning (14/15)
Scrolls
 d - a scroll of identify
 l - 6 scrolls of remove curse
 o - a scroll of enchant weapon
Potions
 b - 4 potions of curing
 g - a potion of magic
 p - a potion of resistance
 t - a potion of cancellation
 u - a potion of lignification
Miscellaneous
 s - 2 phantom mirrors
Comestibles
 c - 6 bread rations
 h - 21 fruits
 i - 6 slices of pizza
 j - 3 chunks of flesh
 k - 2 meat rations


   Skills:
 + Level 11.8 Fighting
 + Level 15.2 Axes
 + Level 11.6 Armour
 + Level 10.7 Dodging


You had 11 spell levels left.
You didn't know any spells.

Dungeon Overview and Level Annotations

Branches:
Dungeon (14/15)            Temple (0/1) D:5            Lair (5/6) D:9
  Swamp: Lair:2-4    Shoals: Lair:2-4     Snake: Lair:2-4    Spider: Lair:2-4
  Slime: Lair:5-6       Orc: D:9-12      Vaults: D:13-14

Altars:
Dithmenos
Gozag
Qazlal
Yredelemnul

Shops:
D:9 %

Annotations:
D:9 exclusion: downstairs
D:12 Rupert
D:13 exclusion: upstairs


Innate Abilities, Weirdness & Mutations

You reflexively headbutt those who attack you in melee.
You have a pair of horns on your head.


Message History

The soldier ant twitches its antennae in your direction.
The soldier ant stings you.
* * * LOW HITPOINT WARNING * * *
The entropy weaver completely misses you.
The entropy weaver barely misses you. The entropy weaver hits you!
* * * LOW HITPOINT WARNING * * *
The entropy weaver misses you. The soldier ant closely misses you.
You furiously retaliate!
You headbutt the soldier ant, but do no damage.
A worker ant comes into view.
The worker ant twitches its antennae in your direction.
The soldier ant barely misses you.
Unknown command.
Fire/throw which item? (* to show all) (? for menu, Esc to quit)
Okay, then. 3 worker ants come into view.
The worker ant twitches its antennae in your direction. x2
The entropy weaver casts a spell.
The entropic weave corrodes you! The soldier ant stings you!
You die...

######## #...##.#
#####...##.####
######...#..<....P.#
#...............P...
#...............a..
##...a.a............
##P.@aa.aY..........a
#....aa..............
....#a.a...#............
......#.#####.#.#.##....
##..#..#a #.#.#..#....
#.P#.# . .#...#..#...
.....# a #..#.....##..
...## a. .(a..#..### #
a..# a....


You could see a catoblepas, an entropy weaver, 6 soldier ants and 5 worker ants.

Vanquished Creatures
  2 hydras (Lair:4)
  A death yak (D:11)
  A necromancer (Lair:4)
  2 hill giants
  3 manticores (D:11)
  2 cyclopes
  2 centaur zombies
  A spiny frog (Lair:4)
  2 komodo dragons
  A rime drake (Lair:4)
  2 polar bears (D:11)
  A troll (D:12)
  3 blink frogs (Lair:3)
  8 dream sheep
  5 slime creatures (D:14)
  4 hippogriffs
  A meliai zombie (D:12)
  A water elemental (D:11)
  29 yaks
  4 wyverns
  A vampire (D:13)
  3 soldier ants
  3 water moccasins
  4 porcupines (Lair:4)
  2 ice beasts
  2 black bears
  A sky beast (D:11)
  3 orc warriors
  3 ogres
  5 wolves
  5 crocodiles
  A komodo dragon zombie (Lair:4)
  2 big kobolds (D:9)
  4 bullfrogs
  A wyvern skeleton (D:12)
  A scorpion (Lair:4)
  13 killer bees
  An electric eel (Lair:4)
  2 bullfrog zombies
  3 crimson imps
  A hound (D:9)
  A quasit (D:5)
  A basilisk zombie (Lair:4)
  A wyvern simulacrum (D:11)
  An orc priest (D:7)
  A centaur skeleton (D:10)
  An iguana (D:11)
  An orc wizard (D:7)
  8 worker ants
  2 hound skeletons
  A worker ant zombie (D:11)
  4 adders
  2 river rats (D:9)
  A shadow imp (D:11)
  2 ufetubi (D:11)
  A leopard gecko (D:4)
  12 orcs
  A goblin (D:3)
  3 hobgoblins
  7 jackals
  8 bats (D:9)
  A frilled lizard (D:4)
  A kobold (D:2)
  A quokka zombie (D:10)
  9 rats
  2 fungi
209 creatures vanquished.

Vanquished Creatures (others)
  2 fungi (D:9)
2 creatures vanquished.

Grand Total: 211 creatures vanquished

Notes
Turn   | Place    | Note
-------+----------+-------------------------------------------
     0 | D:1      | Charly the Minotaur Berserker began the quest for the Orb.
     0 | D:1      | Reached XP level 1. HP: 19/19 MP: 0/0
    73 | D:2      | Reached skill level 4 in Axes
   131 | D:3      | Reached XP level 2. HP: 20/26 MP: 1/1
   284 | D:3      | You fall through a shaft for 3 floors!
   284 | D:6      | Noticed a bullfrog
   293 | D:6      | Killed a bullfrog
   293 | D:6      | Reached skill level 6 in Axes
   293 | D:6      | Reached XP level 3. HP: 26/31 MP: 2/2
   293 | D:6      | Reached XP level 4. HP: 33/39 MP: 3/3
   324 | D:5      | Entered Level 5 of the Dungeon
   324 | D:5      | Found a staircase to the Ecumenical Temple.
   324 | D:5      | Noticed an ogre
   336 | D:5      | Killed an ogre
   336 | D:5      | Reached skill level 7 in Axes
   336 | D:5      | Reached XP level 5. HP: 45/45 MP: 4/4
   517 | D:7      | Reached skill level 8 in Axes
   518 | D:7      | Reached XP level 6. HP: 51/51 MP: 5/5
   539 | D:7      | Noticed a sky beast
   578 | D:7      | Reached ** piety under Trog
   640 | D:8      | Reached skill level 9 in Axes
   698 | D:9      | Reached XP level 7. HP: 57/57 MP: 6/6
   704 | D:9      | Reached skill level 10 in Axes
   737 | D:10     | Entered Level 10 of the Dungeon
   759 | D:10     | Reached skill level 11 in Axes
   761 | D:10     | Noticed a hill giant
   837 | D:9      | Found Voadduth's Food Emporium.
   856 | D:11     | Noticed a polar bear
   870 | D:11     | Killed a polar bear
   870 | D:11     | Reached XP level 8. HP: 66/66 MP: 7/7
   906 | D:12     | Noticed a hill giant
   913 | D:12     | Killed a hill giant
   913 | D:12     | Reached skill level 5 in Fighting
   914 | D:12     | Noticed a troll
   921 | D:12     | Killed a troll
   921 | D:12     | Reached skill level 5 in Armour
   923 | D:12     | Reached XP level 9. HP: 75/75 MP: 8/8
   948 | D:11     | Found a basalt altar of Yredelemnul.
   988 | D:11     | Noticed a manticore
  1000 | D:11     | Killed a manticore
  1000 | D:11     | Reached skill level 12 in Axes
  1000 | D:11     | Reached skill level 5 in Dodging
  1057 | D:11     | Reached *** piety under Trog
  1097 | D:11     | Noticed a polar bear
  1107 | D:11     | Killed a polar bear
  1184 | D:12     | Found a shadowy altar of Dithmenos.
  1211 | D:13     | Reached XP level 10. HP: 80/88 MP: 9/9
  1261 | D:14     | Found an opulent altar of Gozag.
  1324 | D:13     | Noticed a cyclops
  1337 | D:13     | Killed a cyclops
  1459 | D:13     | Reached skill level 13 in Axes
  1512 | D:12     | Noticed Rupert
  2008 | D:9      | Reached XP level 11. HP: 79/97 MP: 10/10
  2064 | D:10     | Killed a hill giant
  2163 | D:10     | Found a stormy altar of Qazlal.
  2324 | D:11     | Reached **** piety under Trog
  2486 | D:12     | Noticed a skeletal warrior
  2486 | D:12     | Noticed a skeletal warrior
  2486 | D:12     | Noticed a skeletal warrior
  2489 | D:12     | Noticed a skeletal warrior
  2496 | D:11     | Reached skill level 10 in Fighting
  2545 | D:11     | Noticed a death yak
  2572 | D:11     | Reached skill level 14 in Axes
  2641 | D:11     | Killed a death yak
  2641 | D:11     | Reached skill level 10 in Armour
  2826 | D:9      | Found a staircase to the Lair.
  2842 | Lair:1   | Entered Level 1 of the Lair of Beasts
  3133 | Lair:5   | Noticed an entropy weaver
  3144 | Lair:4   | Reached XP level 12. HP: 71/110 MP: 11/11
  3259 | Lair:4   | Reached skill level 10 in Dodging
  3284 | Lair:4   | Received a gift from Trog
  3330 | Lair:4   | Noticed a four-headed hydra
  3337 | Lair:4   | Killed a four-headed hydra
  3462 | Lair:4   | Reached ***** piety under Trog
  3508 | Lair:4   | Reached skill level 15 in Axes
  3550 | Lair:4   | Noticed a six-headed hydra
  3560 | Lair:4   | Killed a six-headed hydra
  3699 | Lair:5   | Noticed an entropy weaver
  3715 | Lair:5   | Noticed a catoblepas
  3736 | Lair:5   | HP: 2/112 [entropy weaver (14)]
  3738 | Lair:5   | Mangled by a soldier ant

Skill      XL: |  1  2  3  4  5  6  7  8  9 10 11 12 |
---------------+-------------------------------------+-----
Axes           | 4 6 7 8 9 11 12 13 14 15 | 15.2
Fighting       | 4 5 7 9 11 | 11.8
Armour         | 3 5 7 9 10 11 | 11.6
Dodging        | 4 6 8 9 10 | 10.7

Action                   |  1- 3 |  4- 6 |  7- 9 | 10-12 || total
-------------------------+-------+-------+-------+-------++-------
Melee: Hand axe          |    26 |    35 |    30 |       ||    91
       Headbutt          |     1 |     7 |    26 |    90 ||   124
       War axe           |       |       |    69 |   339 ||   408
       Dire flail        |       |       |       |    10 ||    10
Invok: Berserk           |     2 |     5 |     7 |    23 ||    37
       Trog's Hand       |       |     1 |       |     8 ||     9
       Burn Spellbooks   |       |       |       |     2 ||     2
Evoke: Wand              |       |       |       |     4 ||     4
  Use: Scroll            |       |       |       |    19 ||    19
       Potion            |       |       |       |     3 ||     3
  Eat: Chunk             |       |     3 |     8 |    27 ||    38
       Pizza             |       |     1 |       |       ||     1
       Fruit             |       |       |     2 |     1 ||     3
       Meat ration       |       |       |       |     1 ||     1
       Beef jerky        |       |       |       |     1 ||     1
Armor: Animal skin       |     4 |     3 |       |       ||     7
       Scale mail        |       |     6 |    17 |       ||    23
       Plate armour      |       |       |    17 |   192 ||   209
       Skin              |       |       |       |    37 ||    37
Dodge: Dodged            |    10 |    27 |    42 |   227 ||   306
